Map: Dash and Terminal LE (Void)

Players

Javert

  • Race: Zerg Zerg
  • League: Gold

gogohands - Winner!

  • Race: Zerg Zerg
  • League: Grandmaster

VOD

Have the link to the VOD?

Description

Time

  • Played on: Sept. 16, 2015, 1:33 a.m.
  • Length: 9:55
Show
View Real Time Build Order
Export as new Build Order

Javert Zerg 

Build Orders: Pool First 

Get SALT Encoding   

  12  0:01  Drone  
  13  0:09  Drone  
  14  0:20  Extractor  
  13  0:22  Overlord, Extractor  
  13  0:28  Drone  
  15  0:46  Drone, Spawning Pool  
  15  0:50  Drone  
  15  0:52  Drone  
  17  0:58  Drone  
  18  1:08  Drone  
  19  1:23  Hatchery  
  18  1:25  Extractor  
  17  1:35  Roach Warren  
  16  1:41  Queen  
  18  1:52  Overlord  
  18  2:18  Queen  
  20  2:24  Roach x3  
  26  2:36  Roach  
  28  2:41  Roach  
  30  2:45  Drone  
  31  2:58  Drone x2  
  31  2:59  Drone x3  
  36  3:10  Baneling Nest  
  35  3:16  Overlord  
  35  3:18  Spine Crawler  
  34  3:27  Spine Crawler  
  34  3:34  Roach  
  35  3:37  Drone x2  
  35  3:58  Drone x3  
  35  3:59  Drone x4  
  40  4:18  Roach x2  
  40  4:22  Overlord  
  44  4:24  Extractor  
  44  4:25  Extractor  
  42  4:38  Drone x2  
  44  4:49  Overlord  
  44  4:50  Drone x3  
  44  4:51  Lair  
  47  4:59  Overlord  
  47  5:19  Roach x7  
  47  5:29  Extractor  
  47  5:30  Queen  
  47  5:34  Overlord  
  48  5:46  Drone x2  
  48  5:47  Drone x2  
  52  5:55  Roach  
  52  5:56  Roach x2  
  58  6:15  Evolution Chamber  
  57  6:20  Hatchery, Roach x4  
  57  6:21  Roach  
  66  6:42  Zerg Missile Weapons Level 1  
  66  6:49  Hatchery, Overseer  
  66  6:51  Glial Reconstitution  
  65  6:56  Drone x3  
  65  6:57  Drone x2  
  70  7:01  Overlord  
  70  7:18  Roach x3  
  76  7:24  Overlord  
  76  7:25  Metabolic Boost  
  76  7:31  Overlord  
  72  7:50  Roach x6  
  64  8:03  Queen  
  60  8:09  Zergling x4  
  60  8:10  Zergling x10  
  67  8:19  Spore Crawler  
  66  8:20  Spore Crawler  
  66  8:26  Spore Crawler  
  64  8:31  Spore Crawler  
  63  8:38  Baneling x4  
  63  8:39  Hydralisk Den, Baneling  
  62  8:42  Spore Crawler  
  61  8:49  Roach x2  
  65  9:01  Roach x3  
  71  9:07  Overlord  
  71  9:17  Drone x2  
  71  9:18  Drone  
  74  9:29  Drone x2  
  74  9:30  Drone x3  
Show
View Real Time Build Order
Export as new Build Order

gogohands Zerg - Winner!

Build Orders: Hatch First 

Get SALT Encoding   

  12  0:01  Drone  
  13  0:13  Overlord  
  13  0:18  Drone  
  14  0:31  Drone x2  
  14  0:35  Drone  
  17  0:56  Hatchery, Drone  
  17  1:01  Drone  
  18  1:12  Extractor  
  18  1:15  Spawning Pool  
  18  1:18  Drone  
  17  1:24  Drone  
  18  1:31  Drone  
  19  1:40  Drone  
  20  1:54  Overlord  
  20  2:05  Zergling x2  
  21  2:09  Queen  
  21  2:10  Queen  
  21  2:11  Zergling x2  
  21  2:12  Zergling x2  
  21  2:13  Metabolic Boost  
  27  2:20  Zergling x2  
  28  2:28  Zergling x2  
  29  2:38  Zergling x4  
  29  2:40  Baneling Nest  
  30  2:48  Zergling x4  
  30  2:51  Drone  
  33  2:55  Overlord  
  33  3:09  Drone x2  
  35  3:19  Zergling x6  
  39  3:20  Zergling x4  
  39  3:25  Baneling x4  
  40  3:28  Zergling x4  
  40  3:29  Zergling x2  
  43  3:42  Zergling x2  
  40  3:59  Drone x4  
  35  4:10  Zergling x8  
  35  4:17  Drone  
  35  4:23  Drone x2  
  38  4:28  Evolution Chamber  
  38  4:29  Roach Warren, Drone x2  
  38  4:30  Drone x2  
  40  4:36  Spine Crawler, Zergling x2  
  40  4:37  Zergling x6  
  43  4:39  Spine Crawler  
  43  4:44  Overlord  
  42  4:56  Zerg Ground Armor Level 1  
  42  4:57  Zergling x4  
  44  5:04  Drone  
  44  5:05  Drone  
  46  5:07  Zergling x8  
  51  5:21  Zergling x4  
  49  5:22  Drone  
  49  5:25  Drone  
  50  5:29  Lair  
  50  5:32  Extractor  
  50  5:33  Extractor  
  50  5:34  Drone x3, Extractor  
  50  5:35  Drone x2  
  52  5:51  Overlord x2  
  52  5:52  Hatchery  
  51  6:12  Drone x3  
  51  6:18  Evolution Chamber  
  53  6:19  Queen  
  53  6:25  Drone x3  
  57  6:26  Overlord x3  
  56  6:37  Drone x2  
  56  6:38  Drone  
  57  6:52  Zerg Melee Weapons Level 1  
  57  6:53  Spire  
  56  7:04  Drone x3, Extractor  
  58  7:11  Zergling x2  
  58  7:12  Zergling x16  
  67  7:20  Roach x2  
  71  7:26  Roach x3  
  71  7:28  Roach x2  
  71  7:29  Roach  
  82  7:41  Roach x2, Zergling x2  
  82  7:42  Roach x2  
  80  7:51  Roach x2  
  80  7:52  Roach  
  82  7:59  Drone x4  
  82  8:00  Drone  
  82  8:05  Drone x5  
  91  8:18  Drone x2  
  93  8:34  Mutalisk  
  93  8:35  Mutalisk  
  93  8:40  Overlord x3, Extractor  
  96  8:49  Overlord  
  96  8:50  Overlord  
  96  9:01  Mutalisk x3  
  96  9:02  Mutalisk x3  
  108  9:10  Mutalisk x5  
  118  9:20  Mutalisk  
  120  9:26  Mutalisk  
  122  9:38  Hatchery  
Tags
 
Add a new tag
Caveats
  • Supply blocks, unpowered buildings, or Contaminate may cause inaccurate times.
  • Supply counts are checked every 10 seconds.